 Dungeon Sprint DCSS version 0.26-a0-663-g36e8fdb655 (webtiles) character file.

Game seed: 8946049429634451130

53 mhtbhm the Digger (level 3, -12/19 HPs)
             Began as a Gargoyle Earth Elementalist on Oct 10, 2020.
             Mangled by a water elemental (18 damage)
             ... in the Dungeon (Sprint III: "The Ten Rune Challenge").
             The game lasted 00:01:44 (427 turns).

mhtbhm the Digger (Gargoyle Earth Elementalist)      Turns: 427, Time: 00:01:45

Health: -12/19     AC:  9    Str: 11    XL:     3   Next: 87%
Magic:  3/8        EV: 12    Int: 16    God:
Gold:   37         SH:  0    Dex: 10    Spells: 3/9 levels left

rFire    + . .     SeeInvis .   (no weapon)
rCold    + . .     Faith    .   (no shield)
rNeg     + . .     Spirit   .   a - +2 robe {rC+ rF+}
rPois    ∞         Reflect  .   (helmet restricted)
rElec    +         Harm     .   (no cloak)
rCorr    .         Rampage  .   (no gloves)
MR       .....     NoTele   +   (no boots)
Stlth    ++........             (no amulet)
HPRegen  0.06/turn              (no ring)
MPRegen  0.11/turn              (no ring)

@: flying
A: big wings, horns 2, icy blue scales 1, negative energy resistance 1,
electricity resistance, unbreathing, petrification resistance, rot immunity, AC
+3
a: Stop Flying


You were in the Dungeon.
You visited 1 branch You collected 37 gold pieces.

Inventory:

Missiles
 b - 14 stones (quivered)
Armour
 a - a +2 robe of resistance (worn)
Scrolls
 c - a scroll of immolation {unknown}
 i - a scroll of blinking
 j - 3 scrolls of identify
 k - 2 scrolls of remove curse {unknown}
 m - a scroll of holy word {unknown}
Potions
 d - a potion of curing
 e - 2 potions of heal wounds
 f - a potion of haste
 g - 2 potions of magic
 h - a potion of berserk rage
 l - 2 potions of flight {unknown}
 n - 2 potions of mutation


   Skills:
 + Level 2.5 Dodging
 - Level 2.2 Stealth
 + Level 3.8 Spellcasting
 + Level 0.1 Conjurations
 + Level 0.8 Transmutations
 + Level 7.6 Earth Magic


You had 3 spell levels left.
You knew the following spells:

 Your Spells              Type           Power        Failure   Level
a - Sandblast             Erth           ####..       1%          1
b - Passwall              Tmut/Erth      ###.....     4%          2
c - Stone Arrow           Conj/Erth      ###...       11%         3

Your spell library contained the following spells:

 Spells                   Type           Power        Failure   Level
 Lee's Rapid Deconstruct  Erth           ####......   21%         5
 Petrify                  Tmut/Erth      ###.....     30%         4


Dungeon Overview and Level Annotations

Branches:
Dungeon (1/1)

Altars:


Innate Abilities, Weirdness & Mutations

You are resistant to torment.
Your stone body is resilient. (AC +3)
You are immune to poison.
You resist negative energy. (rN+)
You are resistant to electric shocks. (rElec)
You can survive without breathing.
You are immune to petrification.
You are immune to rotting.
Your large and strong wings let you fly indefinitely.
You have a pair of horns on your head.
You are partially covered in icy blue scales. (AC +2)


Message History

Casting: Sandblast (safe; 1% risk of failure)
Confirm with . or Enter, or press ? or * to list all spells.
Aiming: Sandblast (safe; 1% risk of failure)
Press: ? - help, Shift-Dir - straight line, f/p - water elemental
Aim: a water elemental (heavily damaged)
The blast of sand hits the water elemental but does no damage.
The water elemental is heavily damaged.
b - 15 stones The water elemental barely misses you.
Casting: Sandblast (safe; 1% risk of failure)
Confirm with . or Enter, or press ? or * to list all spells.
Aiming: Sandblast (safe; 1% risk of failure)
Press: ? - help, Shift-Dir - straight line, f/p - water elemental
Aim: a water elemental (heavily damaged)
The blast of sand hits the water elemental.
The water elemental is severely damaged.
b - 14 stones The water elemental hits you!!
Ouch! That really hurt!
You die...

▓▓▓▓▓▓▓▓▓▓▓▓ ▓▓▓
<.#..'.....♣ ♣.#
..#..#.....♣ ♣.#
#†####....♣♣♣ ♣.#
.....#....≈.♣ ♣♣.###+#+#
....[#...≈≈♣♣♣♣..#......
.....#..≈≈≈≈..♣♣.'.⌠....
####'#..≈≈≈≈≈≈.♣E#...###
.....#.≈≈≈≈≈≈...@# ⌠.#
.....#.≈≈≈≈≈.....# .#
....[#.≈≈≈.......# #
'#####...........#
.................#
▓▓▓▓▓▓▓▓▓▓▓▓▓▓▓▓▓▓


You could see a water elemental.

Vanquished Creatures
  Jessica (D)
  A human (D)
  An ooze (D)
  A phantom (D)
  A rat (D)
5 creatures vanquished.

Notes
Turn   | Place    | Note
-------+----------+-------------------------------------------
     0 | D        | mhtbhm the Gargoyle Earth Elementalist began the quest for
                  | the Orb.
     0 | D        | Reached XP level 1. HP: 10/10 MP: 3/3
    16 | D        | Reached skill level 4 in Earth Magic
   135 | D        | Noticed Jessica
   138 | D        | Killed Jessica
   138 | D        | Reached skill level 6 in Earth Magic
   138 | D        | Reached XP level 2. HP: 15/15 MP: 0/6
   138 | D        | Reached XP level 3. HP: 19/19 MP: 0/7
   192 | D        | Learned a level 2 spell: Passwall
   198 | D        | Learned a level 3 spell: Stone Arrow
   223 | D        | Reached skill level 7 in Earth Magic
   388 | D        | Gained mutation: You are partially covered in icy blue
                  | scales. (AC +2) [potion of mutation]
   388 | D        | Gained mutation: You have large cloven feet. [potion of
                  | mutation]
   388 | D        | Gained mutation: Your spells are a little harder to cast,
                  | but a little more powerful. [potion of mutation]
   389 | D        | Lost mutation: You have large cloven feet. [potion of
                  | mutation]
   389 | D        | Lost mutation: Your spells are a little harder to cast, but
                  | a little more powerful. [potion of mutation]
   389 | D        | Gained mutation: You have sharp toenails. [potion of
                  | mutation]
   389 | D        | Gained mutation: You tend to lose your temper in combat.
                  | [potion of mutation]
   389 | D        | Gained mutation: You occasionally shout uncontrollably at
                  | your foes. [potion of mutation]
   389 | D        | Gained mutation: You have razor-sharp toenails. [potion of
                  | mutation]
   390 | D        | Lost mutation: You have razor-sharp toenails. [potion of
                  | mutation]
   390 | D        | Lost mutation: You occasionally shout uncontrollably at
                  | your foes. [potion of mutation]
   390 | D        | Lost mutation: You have sharp toenails. [potion of
                  | mutation]
   390 | D        | Lost mutation: You tend to lose your temper in combat.
                  | [potion of mutation]
   390 | D        | Gained mutation: Your large and strong wings let you fly
                  | indefinitely. [potion of mutation]
   390 | D        | Gained mutation: You have a pair of small horns on your
                  | head. [potion of mutation]
   390 | D        | Gained mutation: You have a pair of horns on your head.
                  | [potion of mutation]
   420 | D        | Noticed a water elemental
   427 | D        | Mangled by a water elemental

Illustrated notes

Levels and vault maps discovered:
D:        dungeon_sprint_mu [sprint_mu_entry_forest, sprint_mu_temple_rooms,
          sprint_mu_d1_horrors, sprint_mu_d2_genie, sprint_mu_d3_branching,
          sprint_mu_orc_legion, sprint_mu_elf_gauntlet, sprint_mu_hive_nellie,
          sprint_mu_lair_fedhas, sprint_mu_vaults_butterflies,
          sprint_mu_slime_circle, sprint_mu_swamp_cave, sprint_mu_snake_twists,
          sprint_mu_blade_basic, sprint_mu_crypt_fortress,
          sprint_mu_tomb_spiral, sprint_mu_vestibule_basic,
          sprint_mu_gehenna_hellfire, sprint_mu_dis_giant,
          sprint_mu_tartarus_statrot, sprint_mu_cocytus_islands, sprint_mu_zot1]

Skill      XL: |  1  2  3 |
---------------+----------+-----
Earth Magic    | 6 7 |  7.6
Dodging        | 2 |  2.5
Spellcasting   | 3 |  3.8
Stealth        | |  2.2
Conjurations   | |  0.1
Transmutations | |  0.8

Action                   || total
-------------------------++-------
Melee: Unarmed           ||     6
 Cast: Sandblast         ||    16
       Stone Arrow       ||     3
 Abil: Fly               ||     1
  Use: Potion            ||     3
Armor: Robe              ||     1
Dodge: Dodged            ||     7

Table legend: (Time is in decaauts)
 A = Elapsed time spent in this place.
 B = Non-inter-level travel time spent in this place.
 C = Inter-level travel time spent in this place.
 D = Time resting spent in this place.
 E = Time spent auto-exploring this place.
 F = Levels seen in this place.
 G = Mean time per level.
                   A        B        C        D        E       F      G
               +--------+--------+--------+--------+--------+-----+--------+
         Total |    428 |    428 |      0 |    287 |      1 |   1 |  428.0 |
       Dungeon |    428 |    428 |      0 |    287 |      1 |   1 |  428.0 |
               +--------+--------+--------+--------+--------+-----+--------+

Top non-repeatable levels by time:
       D: 428 daAuts
